Map: Eastwatch LE

Players

Classic - Winner!

  • Race: Protoss Protoss
  • Spawn Location: 1:00

Dark

  • Race: Zerg Zerg
  • Spawn Location: 7:00

Event: WESG 2017 Haikou

VOD

Have the link to the VOD?

Description

Time

  • Played on: March 17, 2018, 4:50 a.m.
  • Length: 17:04

All games in this series

Show
View Real Time Build Order
Export as new Build Order

Classic Protoss - Winner!

Build Orders: 1 Gate Expand, Oracle Opening 

Get SALT Encoding   

  12  0:00  Probe  
  13  0:12  Probe  
  14  0:17  Pylon  
  14  0:24  Probe (Chrono Boost)  
  15  0:36  Probe (Chrono Boost)  
  15  0:40  Gateway  
  16  0:45  Probe (Chrono Boost)  
  16  0:46  Assimilator  
  17  0:51  Probe  
  18  1:03  Probe  
  19  1:15  Probe  
  20  1:24  Nexus  
  20  1:35  Cybernetics Core  
  20  1:37  Probe  
  21  1:44  Assimilator  
  21  1:49  Probe  
  22  1:55  Pylon  
  22  2:01  Probe  
  23  2:12  Adept (Chrono Boost)  
  23  2:13  Probe  
  26  2:22  Warp Gate (Chrono Boost), Stargate  
  26  2:25  Probe  
  27  2:30  Adept  
  29  2:52  Gateway  
  29  2:56  Gateway  
  29  2:58  Stalker  
  31  3:09  Void Ray (Chrono Boost)  
  35  3:18  Shield Battery  
  35  3:29  Stalker  
  37  3:37  Pylon  
  33  3:53  Oracle (Chrono Boost)  
  34  4:12  Zealot  
  34  4:16  Zealot  
  36  4:25  Stalker  
  38  4:35  Stalker  
  39  4:46  Probe x2  
  41  4:59  Stalker  
  43  5:04  Stalker  
  45  5:13  Stalker  
  47  5:30  Stalker, Probe x2  
  50  5:46  Stalker x2  
  52  6:03  Pylon  
  52  6:10  Pylon  
  52  6:18  Oracle (Chrono Boost), Pylon  
  55  6:31  Stalker x2  
  59  6:41  Stalker  
  61  7:00  Stalker  
  63  7:01  Stalker  
  63  7:05  Probe (Chrono Boost)  
  67  7:09  Probe (Chrono Boost)  
  68  7:16  Probe (Chrono Boost)  
  68  7:20  Probe (Chrono Boost)  
  68  7:21  Probe (Chrono Boost)  
  70  7:28  Oracle (Chrono Boost)  
  70  7:29  Probe  
  71  7:31  Probe  
  71  7:36  Pylon  
  75  7:41  Probe (Chrono Boost)  
  75  7:43  Probe (Chrono Boost)  
  78  7:53  Probe (Chrono Boost)  
  78  7:55  Probe (Chrono Boost)  
  78  7:56  Stalker  
  81  8:07  Robotics Facility, Probe x2  
  83  8:19  Probe x2  
  85  8:20  Pylon  
  85  8:23  Assimilator  
  85  8:24  Assimilator  
  85  8:36  Probe  
  85  8:38  Probe  
  87  8:44  Nexus  
  87  8:45  Pylon  
  87  8:53  Zealot  
  87  8:54  Probe x2  
  91  8:58  Observer (Chrono Boost)  
  92  9:03  Twilight Council  
  92  9:05  Forge  
  92  9:07  Pylon  
  92  9:10  Observer (Chrono Boost)  
  94  9:17  Probe x2  
  95  9:30  Immortal  
  95  9:31  Sentry x2  
  101  9:35  Probe x2  
  105  9:39  Protoss Ground Weapons Level 1  
  105  9:47  Probe x2  
  104  10:03  Stalker  
  106  10:10  Stalker x2  
  106  10:12  Blink  
  109  10:18  Probe x3  
  111  10:29  Stalker  
  111  10:31  Pylon  
  115  10:38  Stalker x2  
  115  10:43  Probe x2  
  117  10:54  Photon Cannon  
  117  10:55  Probe x3  
  117  10:56  Photon Cannon  
  120  11:01  Gateway  
  120  11:03  Gateway  
  115  11:10  Probe x3  
  117  11:13  Photon Cannon  
  117  11:22  Assimilator  
  117  11:24  Robotics Bay, Assimilator  
  117  11:33  Stalker x3  
  117  11:57  Protoss Ground Weapons Level 2 (Chrono Boost)  
  117  11:58  Pylon  
  117  12:00  Pylon  
  117  12:02  Nexus  
  117  12:04  Pylon  
  117  12:11  Pylon  
  116  12:16  Observer (Chrono Boost)  
  117  12:25  Pylon  
  117  12:35  Pylon  
  117  12:39  Colossus (Chrono Boost)  
  123  12:47  Extended Thermal Lance  
  123  13:02  Probe x2  
  123  13:04  Pylon  
  125  13:06  Pylon  
  125  13:17  Colossus (Chrono Boost)  
  128  13:35  Gateway  
  128  13:37  Probe x2  
  128  13:38  Probe  
  131  13:43  Stalker x5  
  131  13:45  Robotics Facility  
  141  13:57  Colossus (Chrono Boost)  
  147  14:19  Stalker x5  
  147  14:23  Photon Cannon  
  157  14:25  Photon Cannon  
  157  14:27  Pylon  
  157  14:28  Pylon  
  155  14:36  Colossus (Chrono Boost)  
  155  14:38  Probe x2  
  163  14:50  Probe  
  164  14:58  Nexus  
  164  15:09  Stalker x4  
  164  15:13  Stalker  
  174  15:15  Stalker  
  176  15:22  Templar Archives  
  176  15:31  Pylon  
  178  15:36  Warp Prism (Chrono Boost)  
  182  15:51  Colossus (Chrono Boost)  
  178  16:05  Stalker x2  
  178  16:06  Stalker x3  
  185  16:20  Stalker  
  175  16:28  Stalker x2  
  175  16:29  Stalker x3  
  183  16:37  Nexus  
  183  16:40  Pylon  
  183  16:48  Pylon  
Show
View Real Time Build Order
Export as new Build Order

Dark Zerg 

Build Orders: Hatch First, Swarm Host 

Get SALT Encoding   

  12  0:00  Drone  
  13  0:15  Overlord  
  13  0:17  Drone  
  14  0:33  Drone  
  14  0:34  Drone  
  16  0:38  Drone  
  17  0:56  Hatchery, Drone  
  17  1:00  Drone  
  18  1:10  Extractor  
  17  1:15  Spawning Pool  
  17  1:17  Drone  
  17  1:21  Drone  
  18  1:32  Drone  
  19  1:41  Overlord  
  19  1:52  Drone  
  20  2:04  Zergling x2  
  20  2:08  Queen  
  23  2:09  Drone  
  24  2:17  Drone, Roach Warren  
  24  2:20  Extractor  
  23  2:27  Drone  
  24  2:36  Burrow  
  24  2:37  Evolution Chamber  
  24  2:38  Drone  
  24  2:45  Queen  
  26  2:51  Overlord  
  26  2:57  Roach x3  
  32  3:11  Roach  
  34  3:20  Spore Crawler  
  34  3:21  Queen  
  34  3:23  Roach  
  37  3:28  Roach  
  37  3:34  Roach  
  41  3:35  Queen  
  41  3:45  Roach  
  41  3:46  Roach x3  
  43  3:53  Queen x2  
  43  3:55  Overlord x2  
  43  4:04  Roach x2  
  43  4:09  Roach  
  43  4:12  Queen  
  43  4:15  Roach x2  
  45  4:18  Roach  
  45  4:33  Roach  
  45  4:35  Roach x3  
  47  4:44  Roach x2  
  51  4:51  Roach x3  
  51  4:57  Roach  
  51  5:03  Roach x3  
  51  5:07  Queen  
  51  5:08  Drone x2  
  51  5:10  Drone  
  51  5:12  Roach  
  51  5:13  Roach x2  
  54  5:20  Roach x2  
  54  5:21  Drone  
  54  5:25  Lair  
  54  5:27  Drone x2  
  50  5:28  Queen  
  50  5:33  Roach  
  52  5:47  Drone  
  52  5:49  Drone x2, Roach  
  49  5:50  Drone  
  49  5:51  Drone x2  
  52  5:58  Roach x2  
  52  6:00  Roach  
  52  6:03  Roach x2  
  52  6:10  Roach  
  54  6:13  Hatchery  
  53  6:21  Drone x3  
  53  6:22  Queen  
  53  6:23  Drone x2  
  53  6:25  Drone  
  59  6:26  Roach x2  
  59  6:28  Roach  
  59  6:31  Glial Reconstitution  
  59  6:32  Zerg Missile Weapons Level 1  
  59  6:33  Roach x2  
  59  6:37  Queen  
  59  6:40  Roach x2, Overlord  
  59  6:42  Overlord  
  57  6:56  Roach  
  57  6:59  Drone x7, Roach x2  
  57  7:00  Drone x2  
  63  7:04  Roach  
  63  7:08  Roach x2  
  64  7:09  Queen  
  64  7:12  Queen  
  60  7:16  Roach  
  59  7:25  Roach  
  59  7:26  Roach  
  61  7:31  Roach  
  61  7:32  Queen  
  61  7:34  Spore Crawler  
  61  7:36  Roach  
  61  7:37  Roach  
  58  7:42  Infestation Pit  
  57  7:48  Roach  
  57  7:55  Drone x2  
  57  7:56  Queen  
  61  8:03  Roach  
  61  8:04  Roach x4  
  69  8:18  Drone x2  
  71  8:20  Overlord  
  71  8:21  Nydus Network  
  70  8:28  Roach  
  70  8:32  Roach x2  
  70  8:33  Roach x2  
  77  8:40  Drone x2  
  77  8:41  Drone  
  76  8:44  Nydus Network  
  75  8:49  Drone x2  
  75  8:50  Drone x2  
  75  8:52  Spore Crawler  
  78  9:06  Swarm Host x2, Extractor  
  78  9:07  Extractor  
  82  9:12  Swarm Host  
  82  9:15  Overlord  
  83  9:20  Roach  
  83  9:24  Hatchery  
  83  9:35  Zerg Missile Weapons Level 2  
  83  9:36  Drone  
  82  9:44  Swarm Host  
  85  10:00  Swarm Host x2  
  89  10:09  Nydus Canal  
  89  10:11  Swarm Host  
  89  10:12  Queen  
  90  10:20  Swarm Host  
  90  10:21  Roach x10, Overlord  
  91  10:28  Drone x3  
  92  10:32  Overlord  
  90  10:41  Swarm Host x2  
  96  10:46  Drone  
  95  10:59  Swarm Host x3  
  104  11:10  Nydus Canal  
  96  11:11  Swarm Host  
  96  11:17  Drone x2  
  96  11:18  Drone  
  99  11:20  Drone  
  99  11:24  Overlord  
  100  11:29  Roach x2  
  100  11:30  Overlord  
  98  11:44  Swarm Host  
  98  11:46  Overlord  
  104  11:50  Swarm Host x2  
  104  11:51  Drone  
  104  11:53  Drone  
  104  11:54  Drone  
  111  11:58  Roach  
  111  12:02  Roach  
  111  12:07  Drone  
  111  12:08  Drone  
  115  12:12  Roach x2  
  119  12:16  Hive  
  119  12:22  Roach  
  121  12:25  Overlord  
  121  12:27  Overseer  
  121  12:28  Overlord  
  121  12:44  Roach  
  121  12:45  Roach x2  
  121  12:46  Roach x2  
  121  12:48  Roach x2  
  121  12:49  Roach  
  137  13:01  Overlord x2  
  137  13:04  Overlord  
  137  13:09  Queen  
  137  13:12  Roach x13  
  130  13:26  Overlord  
  128  13:28  Overlord  
  128  13:29  Overlord  
  125  13:36  Drone x2  
  125  13:38  Zerg Missile Weapons Level 3  
  125  13:39  Swarm Host  
  125  13:40  Swarm Host x2  
  139  13:43  Roach  
  139  13:44  Roach x12  
  143  14:08  Nydus Canal  
  141  14:13  Roach  
  141  14:16  Swarm Host x5, Hatchery  
  149  14:20  Swarm Host  
  149  14:37  Swarm Host  
  149  14:38  Swarm Host x2  
  155  14:46  Drone  
  153  14:55  Swarm Host  
  159  15:00  Drone, Overseer  
  159  15:01  Overlord  
  160  15:08  Roach x2  
  160  15:13  Overlord  
  160  15:14  Overlord  
  164  15:21  Viper x2  
  170  15:30  Roach x2, Spore Crawler  
  168  15:51  Roach x3  
  168  15:54  Roach x2  
  170  15:57  Roach  
  170  15:58  Roach x4  
  175  16:06  Roach x2  
  179  16:17  Roach  
  179  16:18  Roach  
  136  16:40  Drone x3  
Tags
 
Add a new tag
Caveats
  • Supply blocks, unpowered buildings, or Contaminate may cause inaccurate times.
  • Supply counts are checked every 10 seconds.